AoeStats
← 公鸡神探

Fortress

507066222Analyzed
4v4 RM · 16d ago on Sep 16, 2026· 60m 18s· 8 players
Game mode
Random Map
Map size
Huge
Population
200
Speed
Normal
Resources
Standard
Victory
Conquest
Starting age
Dark Age
Ending age
Imperial Age
RankedLock teamsTeams togetherTeam positionsShared explorationLock speedFull tech treeHidden civsTurbo modeCheats
Victory
Defeat
🇭🇷 Saracens · Croatia
1157
+15
🇬🇷 Poles · Greece
1147
+16
🇲🇽 Britons · Mexico
1124
+17
🇨🇿 Koreans · Czechia
1080
+18
🇨🇳 Sicilians · China
1210
-19
🇨🇳 Bohemians · China
1195
-19
1103
-15
🇨🇳 Mongols · China
1060
-13
BoroLF
8:14 Feudal Age
8:54 Double-Bit Axe
11:56 Castle Age
9:50 Horse Collar
12:18 Forging
21:13 Wheelbarrow
22:42 Heavy Plow
26:10 Bow Saw
29:36 Imperial Age
26:57 Crossbowman
27:30 Fletching
27:41 Padded Archer Armor
27:59 Bloodlines
27:59 Light Cavalry
28:39 Husbandry
28:39 Bodkin Arrow
28:50 Scale Barding Armor
30:02 Caravan
29:39 Hussar
29:43 Elite Mameluke
34:21 Chain Barding Armor
35:54 Two-Man Saw
35:11 Hand Cart
34:43 Elite Skirmisher
36:46 Conscription
37:05 Iron Casting
37:31 Plate Barding Armor
38:16 Siege Engineers
38:22 Masonry
39:14 Chemistry
44:34 Blast Furnace
43:35 Scale Mail Armor
43:55 Leather Archer Armor
46:37 Bracer
46:38 Scale Mail Armor
48:55 Ring Archer Armor
48:51 Ballistics
48:14 Treadmill Crane
48:45 Fortified Wall
52:34 Hoardings
53:43 Heavy Camel Rider
54:56 Bimaristan
Endru
8:01 Feudal Age
12:51 Castle Age
12:10 Gold Mining
12:06 Double-Bit Axe
12:03 Horse Collar
16:11 Loom
21:41 Bow Saw
21:44 Heavy Plow
23:36 Wheelbarrow
24:04 Fletching
25:00 Bodkin Arrow
24:49 Treadmill Crane
25:24 Crossbowman
26:41 Hand Cart
26:39 Town Watch
27:20 Ballistics
27:31 Thumb Ring
28:20 Gold Shaft Mining
30:35 Imperial Age
29:04 Masonry
28:36 Elite Skirmisher
29:58 Caravan
30:29 Coinage
30:07 Town Patrol
30:21 Fortified Wall
31:19 Bracer
32:24 Chemistry
33:51 Banking
33:31 Guilds
32:50 Arbalester
34:02 Architecture
33:40 Siege Engineers
33:31 Murder Holes
33:24 Arrowslits
35:22 Murder Holes
38:43 Conscription
38:27 Eupseong
Hari_Seldon
8:06 Feudal Age
12:14 Castle Age
10:44 Double-Bit Axe
12:27 Fletching
13:14 Bow Saw
12:43 Crossbowman
15:13 Horse Collar
17:20 Gold Mining
17:22 Town Watch
20:14 Loom
24:41 Wheelbarrow
24:47 Bodkin Arrow
25:22 Padded Archer Armor
25:45 Ballistics
26:45 Town Patrol
27:19 Leather Archer Armor
29:10 Heavy Plow
33:38 Imperial Age
32:04 Elite Skirmisher
33:20 Forging
32:32 Pikeman
33:28 Fortified Wall
33:49 Heavy Scorpion
33:50 Capped Ram
35:41 Scale Mail Armor
35:02 Halberdier
35:47 Gambesons
35:23 Man-at-Arms
37:19 Long Swordsman
38:08 Two-Handed Swordsman
39:04 Chain Mail Armor
41:48 Hand Cart
43:47 Plate Mail Armor
44:50 Iron Casting
46:20 Yeomen
46:12 Champion
50:37 Blast Furnace
50:07 Squires
52:50 Bracer
53:44 Warwolf
54:27 Ring Archer Armor
55:41 Chemistry
54:52 Masonry
54:48 Siege Engineers
58:40 Architecture
58:47 Elite Longbowman
Papiz96
7:39 Feudal Age
8:45 Horse Collar
8:52 Double-Bit Axe
10:16 Loom
13:47 Castle Age
14:45 Wheelbarrow
17:01 Heavy Plow
18:35 Bow Saw
20:20 Wheelbarrow
19:10 Light Cavalry
20:05 Szlachta Privileges
20:29 Scale Barding Armor
22:43 Bloodlines
23:46 Husbandry
24:12 Hand Cart
26:27 Chain Barding Armor
26:17 Forging
30:49 Imperial Age
30:04 Iron Casting
29:31 Gold Mining
29:37 Stone Mining
30:57 Cavalier
34:38 Blast Furnace
36:03 Winged Hussar
39:58 Caravan
42:39 Lechitic Legacy
42:40 Conscription
43:04 Crop Rotation
45:30 Fletching
52:44 Capped Ram
53:48 Siege Ram
无甲的joe
7:15 Feudal Age
11:41 Castle Age
11:29 Double-Bit Axe
11:30 Horse Collar
18:32 Heavy Plow
18:47 Bow Saw
21:35 First Crusade
21:49 Scale Mail Armor
21:59 Forging
21:53 Squires
22:52 Chain Mail Armor
27:10 Imperial Age
25:16 Wheelbarrow
25:38 Iron Casting
27:07 Stone Mining
27:07 Gold Mining
26:49 Pikeman
27:16 Arson
28:31 Plate Mail Armor
29:02 Blast Furnace
27:24 Capped Ram
27:56 Elite Serjeant
29:21 Crop Rotation
29:49 Town Watch
30:08 Siege Ram
32:53 Blast Furnace
34:11 Gold Shaft Mining
48:01 Halberdier
51:10 Caravan
55:00 Conscription
叶的第八章
7:21 Feudal Age
11:15 Castle Age
9:26 Double-Bit Axe
10:52 Horse Collar
17:05 Stone Mining
18:11 Heavy Plow
18:23 Bow Saw
20:25 Wheelbarrow
24:28 Hand Cart
26:43 Stone Shaft Mining
25:59 Gold Mining
29:47 Imperial Age
29:54 Gold Shaft Mining
30:51 Drill
30:55 Conscription
30:57 Drill
29:58 Elite Mangudai
30:51 Scale Barding Armor
30:56 Forging
33:01 Pikeman
33:41 Squires
39:50 Drill
40:39 Drill
40:52 Coinage
40:23 Caravan
40:55 Chain Barding Armor
41:10 Iron Casting
48:03 Blast Furnace
47:26 Ballistics
48:06 Chemistry
翻斗花园突破手绫小路
9:10 Feudal Age
13:26 Castle Age
11:51 Double-Bit Axe
13:25 Double-Bit Axe
13:24 Horse Collar
17:13 Wheelbarrow
16:23 Town Watch
19:28 Stone Mining
20:17 Gold Mining
23:11 Gold Shaft Mining
24:23 Bow Saw
24:13 Heavy Plow
24:03 Loom
24:34 Hand Cart
24:19 Town Patrol
25:36 Town Patrol
28:57 Imperial Age
27:39 Padded Archer Armor
27:30 Fletching
27:47 Scale Barding Armor
29:30 Ballistics
30:21 Parthian Tactics
29:19 Heavy Cavalry Archer
31:40 Chemistry
30:55 Bloodlines
30:53 Thumb Ring
32:03 Conscription
31:18 Light Cavalry
32:36 Chain Barding Armor
32:32 Leather Archer Armor
32:12 Bodkin Arrow
32:05 Hussar
35:06 Plate Barding Armor
36:20 Two-Man Saw
35:51 Crop Rotation
36:25 Ring Archer Armor
35:57 Bracer
36:34 Recurve Bow
38:58 Caravan
公鸡神探
8:39 Feudal Age
9:17 Horse Collar
12:16 Castle Age
10:27 Double-Bit Axe
10:26 Horse Collar
12:00 Loom
13:42 Bow Saw
20:44 Wheelbarrow
19:55 Town Watch
25:14 Imperial Age
23:46 Hand Cart
27:08 Chemistry
26:31 Conscription
26:31 Pikeman
27:11 Squires
26:57 Arson
27:09 Elite Hussite Wagon
29:45 Wagenburg Tactics
29:44 Halberdier
30:29 Scale Mail Armor
30:40 Forging
31:31 Ballistics
33:26 Siege Engineers
33:48 Caravan
34:39 Hussite Reforms
37:14 Two-Man Saw
37:33 Redemption
37:44 Sanctity
39:58 Chain Mail Armor
39:54 Forging
40:12 Heresy
40:34 Theocracy
40:01 Devotion
40:14 Fervor
40:05 Atonement
40:21 Block Printing
45:37 Faith
45:46 Illumination
51:38 Plate Mail Armor
51:43 Iron Casting
Connection lost

Rejoining the realm…

Still unreachable

The connection could not be restored.

Session expired

The server has moved on; the page needs a fresh start.